General information
- name: BNet
- type: Ladder 1vs1/FFA
- host: Battle.net
- saver: BEAR_AND
map: SecretValley
- players: 2
- length: 53:28
- speed: Fast
- version: 1.27 W3XP
- replay type:

» download(208 KB)
Players
team 1 (winner)
BEAR_AND (
green | 148 APM | 7908 actions | 53:28)
6 Archmage
2 Summon Water Elemental
2 Brilliance Aura
2 Blizzard
5 Mountain King
3 Storm Bolt
2 Bash
5 Paladin
3 Holy Light
1 Divine Shield
1 Devotion Aura
» actions
| Assign group hotkey | 72 | |
| Basic commands | 15 | |
| Build / train | 221 | |
| Enter build submenu | 86 | |
| Enter hero's abilities submenu | 17 | |
| Give item / drop item | 17 | |
| Remove unit from queue | 6 | |
| Right click | 4852 | |
| Select / deselect | 1216 | |
| Select group hotkey | 807 | |
| Use ability | 593 | |
7908 total
» units
| Peasant | 19 | |
| Priest | 1 | |
| Sorceress | 1 | |
21 total
» upgrades
| Masonry | 3 | |
| Lumber Harvesting | 2 | |
| Magic Sentry | 1 | |
| Backpack | 1 | |
| Sorceress Training | 1 | |
| Priest Training | 1 | |
9 total
» buildings
| Altar of Kings | 1 | |
| Farm | 6 | |
| Scout Tower | 149 | |
| Lumber Mill | 1 | |
| Arcane Tower | 16 | |
| Arcane Vault | 3 | |
| Guard Tower | 103 | |
| Keep | 4 | |
| Town Hall | 2 | |
| Castle | 3 | |
| Arcane Sanctum | 1 | |
289 total
» build order
00:09 Altar of Kings
00:19 Farm
00:39 Farm
00:57 Scout Tower
01:02 Farm
01:11 Lumber Mill
01:24 Arcane Tower
01:25 Arcane Tower
01:25 Arcane Tower
01:28 Scout Tower
02:00 Arcane Vault
02:04 Scout Tower
02:22 Guard Tower
02:22 Guard Tower
02:40 Guard Tower
02:40 Guard Tower
02:41 Guard Tower
02:44 Scout Tower
02:45 Scout Tower
03:46 Guard Tower
03:47 Guard Tower
03:47 Scout Tower
03:48 Scout Tower
04:00 Keep
04:01 Keep
04:01 Keep
04:24 Guard Tower
04:36 Farm
04:39 Scout Tower
04:41 Guard Tower
05:20 Guard Tower
05:20 Guard Tower
05:33 Farm
07:08 Town Hall
07:15 Scout Tower
07:16 Scout Tower
07:16 Scout Tower
07:16 Scout Tower
07:17 Scout Tower
07:18 Scout Tower
07:42 Scout Tower
07:43 Scout Tower
07:50 Guard Tower
07:51 Guard Tower
08:06 Scout Tower
08:06 Scout Tower
08:08 Scout Tower
08:09 Scout Tower
08:09 Scout Tower
08:18 Guard Tower
08:19 Guard Tower
08:19 Guard Tower
08:21 Guard Tower
08:46 Guard Tower
08:47 Guard Tower
08:47 Guard Tower
08:47 Guard Tower
09:13 Guard Tower
09:13 Guard Tower
09:48 Castle
09:48 Castle
09:49 Guard Tower
09:49 Guard Tower
09:50 Scout Tower
09:54 Scout Tower
09:55 Guard Tower
09:55 Scout Tower
09:56 Scout Tower
09:57 Scout Tower
09:57 Scout Tower
10:12 Arcane Vault
10:12 Guard Tower
10:39 Arcane Tower
10:40 Arcane Tower
11:16 Arcane Sanctum
11:43 Guard Tower
11:43 Guard Tower
11:44 Guard Tower
11:44 Guard Tower
11:48 Farm
12:12 Scout Tower
12:13 Scout Tower
12:14 Scout Tower
12:14 Scout Tower
12:15 Scout Tower
12:16 Scout Tower
13:16 Guard Tower
13:16 Guard Tower
14:50 Guard Tower
14:55 Scout Tower
14:56 Scout Tower
14:57 Scout Tower
14:57 Scout Tower
14:58 Scout Tower
15:01 Scout Tower
15:01 Scout Tower
15:02 Scout Tower
15:03 Scout Tower
15:30 Guard Tower
15:46 Scout Tower
15:47 Scout Tower
15:47 Scout Tower
15:48 Scout Tower
16:05 Arcane Tower
16:06 Guard Tower
16:13 Scout Tower
16:14 Scout Tower
16:15 Scout Tower
16:16 Scout Tower
16:25 Guard Tower
16:29 Scout Tower
16:29 Scout Tower
16:30 Scout Tower
16:31 Scout Tower
16:31 Scout Tower
16:32 Scout Tower
16:58 Guard Tower
16:59 Guard Tower
17:02 Scout Tower
17:02 Scout Tower
17:03 Scout Tower
17:04 Scout Tower
17:38 Arcane Tower
17:38 Arcane Tower
17:39 Guard Tower
17:41 Arcane Tower
17:46 Scout Tower
17:47 Scout Tower
17:47 Scout Tower
17:47 Scout Tower
17:48 Scout Tower
17:49 Scout Tower
17:49 Scout Tower
17:50 Scout Tower
17:50 Scout Tower
17:51 Scout Tower
17:52 Scout Tower
17:54 Scout Tower
18:20 Arcane Tower
18:20 Guard Tower
18:21 Guard Tower
18:38 Arcane Tower
18:38 Arcane Tower
18:39 Guard Tower
19:17 Guard Tower
19:19 Town Hall
19:24 Guard Tower
19:26 Scout Tower
19:26 Scout Tower
19:58 Arcane Vault
20:08 Guard Tower
20:35 Guard Tower
20:36 Scout Tower
20:37 Scout Tower
20:37 Scout Tower
21:05 Guard Tower
22:01 Scout Tower
22:07 Scout Tower
22:07 Scout Tower
22:13 Scout Tower
22:14 Scout Tower
22:14 Scout Tower
22:14 Scout Tower
22:17 Guard Tower
22:18 Scout Tower
22:18 Scout Tower
22:44 Guard Tower
22:44 Guard Tower
22:45 Guard Tower
22:46 Scout Tower
22:47 Scout Tower
23:01 Guard Tower
23:10 Guard Tower
23:14 Scout Tower
23:15 Scout Tower
23:15 Guard Tower
23:15 Guard Tower
23:17 Guard Tower
23:18 Guard Tower
23:18 Guard Tower
23:18 Guard Tower
23:49 Guard Tower
23:52 Scout Tower
23:53 Scout Tower
24:21 Guard Tower
24:22 Guard Tower
24:46 Guard Tower
24:46 Guard Tower
24:47 Scout Tower
24:48 Scout Tower
25:02 Guard Tower
25:11 Guard Tower
25:56 Guard Tower
26:23 Scout Tower
26:25 Scout Tower
26:26 Scout Tower
26:26 Scout Tower
26:27 Scout Tower
26:27 Scout Tower
26:28 Scout Tower
27:00 Scout Tower
27:01 Scout Tower
27:02 Scout Tower
27:02 Scout Tower
27:02 Scout Tower
27:03 Scout Tower
27:06 Scout Tower
27:07 Scout Tower
27:07 Scout Tower
27:07 Scout Tower
27:09 Scout Tower
27:10 Scout Tower
27:12 Scout Tower
27:12 Scout Tower
27:13 Scout Tower
27:20 Scout Tower
27:22 Scout Tower
27:23 Scout Tower
27:27 Guard Tower
27:27 Guard Tower
27:27 Guard Tower
27:27 Guard Tower
27:53 Guard Tower
27:54 Guard Tower
27:54 Guard Tower
27:55 Guard Tower
27:57 Guard Tower
27:57 Guard Tower
28:01 Arcane Tower
28:05 Arcane Tower
29:11 Guard Tower
29:17 Guard Tower
30:31 Scout Tower
30:31 Scout Tower
30:32 Scout Tower
30:32 Scout Tower
30:33 Scout Tower
30:33 Scout Tower
30:42 Guard Tower
31:59 Scout Tower
32:00 Scout Tower
32:00 Scout Tower
32:01 Scout Tower
32:01 Scout Tower
32:02 Scout Tower
32:04 Scout Tower
32:05 Scout Tower
32:05 Scout Tower
32:06 Scout Tower
33:06 Guard Tower
33:09 Scout Tower
33:11 Scout Tower
33:30 Guard Tower
35:00 Guard Tower
35:03 Scout Tower
35:04 Scout Tower
35:04 Scout Tower
35:33 Guard Tower
35:57 Scout Tower
35:58 Scout Tower
35:59 Scout Tower
35:59 Scout Tower
36:00 Scout Tower
36:00 Guard Tower
37:32 Guard Tower
37:45 Scout Tower
37:46 Scout Tower
37:46 Scout Tower
37:47 Scout Tower
39:22 Guard Tower
» items
| Scroll of Regeneration | 2 | |
| Boots of Speed | 3 | |
| Lesser Clarity Potion | 6 | |
| Staff of Teleportation | 3 | |
| Staff of Sanctuary | 3 | |
| Potion of Lesser Invulnerability | 1 | |
| Tome of Retraining | 2 | |
20 total
team 2 (loser)
Lycheehunter (
pink | 65 APM | 3463 actions | 53:26)
5 Blademaster
3 Wind Walk
2 Critical Strike
4 Shadow Hunter
2 Healing Wave
2 Hex
» actions
| Assign group hotkey | 24 | |
| Basic commands | 59 | |
| Build / train | 111 | |
| ESC pressed | 6 | |
| Enter build submenu | 25 | |
| Enter hero's abilities submenu | 9 | |
| Give item / drop item | 9 | |
| Right click | 2007 | |
| Select / deselect | 847 | |
| Select group hotkey | 167 | |
| Use ability | 198 | |
3463 total
» units
| Peon | 21 | |
| Troll Headhunter/Berserker | 8 | |
| Troll Witch Doctor | 8 | |
| Shaman | 5 | |
| Demolisher | 17 | |
| Troll Batrider | 5 | |
| Spirit Walker | 3 | |
67 total
» upgrades
| Ranged Weapons | 3 | |
| Witch Doctor Training | 2 | |
| Shaman Training | 2 | |
| Berserker Upgrade | 1 | |
| Burning Oil | 1 | |
| Armor | 3 | |
| Reinforced Defenses | 1 | |
| Liquid Fire | 1 | |
| Spirit Walker Training | 1 | |
15 total
» buildings
| Altar of Storms | 2 | |
| Orc Burrow | 6 | |
| War Mill | 1 | |
| Voodoo Lounge | 1 | |
| Barracks | 2 | |
| Stronghold | 2 | |
| Spirit Lodge | 2 | |
| Fortress | 1 | |
| Great Hall | 3 | |
| Watch Tower | 6 | |
| Beastiary | 2 | |
28 total
» build order
00:04 Altar of Storms
00:11 Orc Burrow
00:40 War Mill
01:12 Voodoo Lounge
01:27 Barracks
02:24 Orc Burrow
04:33 Stronghold
04:33 Stronghold
06:03 Orc Burrow
07:02 Spirit Lodge
07:07 Altar of Storms
07:09 Spirit Lodge
09:57 Fortress
10:07 Great Hall
10:53 Watch Tower
10:54 Watch Tower
11:29 Orc Burrow
14:56 Orc Burrow
16:08 Barracks
17:23 Orc Burrow
23:25 Great Hall
23:26 Watch Tower
23:27 Watch Tower
23:28 Watch Tower
23:28 Watch Tower
27:08 Beastiary
27:09 Beastiary
46:31 Great Hall
» items
| Healing Salve | 3 | |
| Lesser Clarity Potion | 3 | |
| Circlet of Nobility | 1 | |
| Boots of Speed | 2 | |
| Scroll of Speed | 1 | |
| Potion of Healing | 2 | |
| Orb of Lightning | 1 | |
13 total
Chat log
(00:15 / All) BEAR_AND: hi
(00:15 / All) Lycheehunter: GL
(25:15 / All) BEAR_AND: ;lol
(29:34 / All) BEAR_AND: lol
(34:32 / All) BEAR_AND: haha
(34:39 / All) Lycheehunter: your a fag
(34:44 / All) BEAR_AND: ???
(35:13 / All) BEAR_AND: what do you mean
(35:36 / All) Lycheehunter: how do you play like this
(35:50 / All) BEAR_AND: like what's my strategy? i'll tell you after i win ; - )
(37:21 / All) BEAR_AND: lol
(38:21 / All) BEAR_AND: TRIPLE LEVEL
(38:26 / All) Lycheehunter: your terrible
(38:27 / All) BEAR_AND: thanks for that
(38:29 / All) BEAR_AND: stop dying
(38:40 / All) Lycheehunter: you have 0 skills
(38:45 / All) BEAR_AND: and i'm beating you
(38:50 / All) BEAR_AND: what does that say hmmm.....?
(39:15 / All) BEAR_AND: hehehe
(40:26 / All) BEAR_AND: gg
(40:41 / All) BEAR_AND: BATS? lmao
(40:47 / All) BEAR_AND: why the hell would you m ake bats
(41:41 / All) BEAR_AND: hey where are you from
(42:17 / All) BEAR_AND: hi
(43:03 / All) BEAR_AND: stop losing stuff to towers
(43:05 / All) BEAR_AND: towers don't move
(43:09 / All) BEAR_AND: birdnoob
(43:12 / All) Lycheehunter: stop being a fag
(43:15 / All) BEAR_AND: how
(43:29 / All) BEAR_AND: what specifically should i do
(43:37 / All) Lycheehunter: fight me normally
(43:40 / All) BEAR_AND: how's that
(43:55 / All) BEAR_AND: with an army?
(44:01 / All) BEAR_AND: towers are easier for you to kill though
(44:03 / All) BEAR_AND: they don't move
(44:07 / All) BEAR_AND: i'm at 40food lol
(44:12 / All) BEAR_AND: mostly workers
(44:29 / All) BEAR_AND: stop
(44:29 / All) BEAR_AND: losing
(44:31 / All) BEAR_AND: units
(44:33 / All) BEAR_AND: towers don't move birdnoob
(44:45 / All) Lycheehunter: fine ill just sit here and do nothing
(44:48 / All) BEAR_AND: ok lol
(45:47 / All) BEAR_AND: lol
(48:09 / All) BEAR_AND: so where are you from
(48:31 / All) Lycheehunter: sasktoon
(48:33 / All) Lycheehunter: canDA
(48:34 / All) BEAR_AND: haha
(48:36 / All) BEAR_AND: toronto here
(48:47 / All) Lycheehunter: WELL I LIVE IN LLOYDMINSTER NOW
(48:53 / All) Lycheehunter: running a business bro
(48:54 / All) BEAR_AND: what's lloydminster
(49:03 / All) Lycheehunter: its a border city
(49:07 / All) BEAR_AND: i see
(49:09 / All) BEAR_AND: what kind of business
(49:10 / All) Lycheehunter: the container guy
(49:14 / All) Lycheehunter: is my business
(49:21 / All) Lycheehunter: storage c ontainers
(49:29 / All) Lycheehunter: made 12 sales last week
(49:35 / All) Lycheehunter: like a boss 15g profit
(49:45 / All) BEAR_AND: congrats
(49:50 / All) Lycheehunter: tty
(49:59 / All) BEAR_AND: you can afford war3 lessons it sounds like
(50:31 / All) Lycheehunter: ya you can learn how not to be a prick
(50:32 / All) Lycheehunter: lol
(51:17 / All) BEAR_AND: so if i want to put a bunch of shit in a piece of a truck are you my guy?
(51:27 / All) BEAR_AND: asking for a friend
(51:32 / All) Lycheehunter: yes
(51:51 / All) BEAR_AND: sweet
(52:09 / All) BEAR_AND: i have one gigantic birdnoob
(52:15 / All) BEAR_AND: can you find me a container big enough
(53:18 / All) Lycheehunter: k whatever
(53:23 / All) Lycheehunter: thus is stupid
(53:25 / All) BEAR_AND: lol